AoeStats
← Lliret

Arena

509090971Analyzed
4v4 RM · 22d ago on Sep 25, 2026· 52m 37s· 8 players
Game mode
Random Map
Map size
Large (8 player)
Population
200
Speed
Normal
Resources
Standard
Victory
Conquest
Starting age
Dark Age
Ending age
Imperial Age
RankedLock teamsTeams togetherTeam positionsShared explorationLock speedFull tech treeHidden civsTurbo modeCheats
Victory
Defeat
🇺🇸 Ethiopians · United States
1124
+16
🇨🇳 Jurchens · China
1086
+17
🇹🇼 Danes · Taiwan
1059
+18
🇹🇼 Varangians · Taiwan
993
+22
vs
🇺🇸 Khmer · United States
1133
-18
🇧🇴 Lithuanians · Bolivia
1122
-19
🇧🇪 Ethiopians · Belgium
1107
-18
🇪🇸 Turks · Spain
1096
-18
wtcl
10:26 Feudal Age
11:36 Double-Bit Axe
14:32 Castle Age
12:37 Horse Collar
20:17 Bow Saw
22:41 Wheelbarrow
22:40 Heavy Plow
22:39 Gold Mining
23:29 Stone Mining
25:58 Hand Cart
26:53 Gold Shaft Mining
29:33 Imperial Age
26:51 Loom
26:56 Treadmill Crane
27:40 Scale Barding Armor
27:46 Forging
28:54 Stone Shaft Mining
28:36 Bloodlines
28:29 Husbandry
28:55 Chain Barding Armor
30:29 Iron Casting
29:47 Elite Steppe Lancer
31:28 Plate Barding Armor
31:03 Heavy Rocket Cart
33:12 Chemistry
33:08 Siege Engineers
33:45 Crop Rotation
34:25 Blast Furnace
43:22 Squires
43:08 Gambesons
43:31 Scale Mail Armor
44:34 Pikeman
45:56 Halberdier
47:30 Chain Mail Armor
48:47 Two-Man Saw
48:56 Elite Fire Lancer
51:07 Town Watch
51:46 Light Cavalry
Burt McChicken
10:55 Feudal Age
11:41 Double-Bit Axe
11:49 Horse Collar
14:36 Castle Age
15:40 Bow Saw
20:12 Heavy Plow
22:03 Gold Mining
23:00 Wheelbarrow
23:32 Wheelbarrow
23:13 Fortified Wall
23:54 Fletching
24:04 Padded Archer Armor
24:41 Hand Cart
24:26 Loom
25:20 Bodkin Arrow
25:37 Masonry
26:21 Gold Shaft Mining
25:38 Stone Mining
26:26 Town Watch
27:30 Leather Archer Armor
27:39 Town Patrol
32:07 Imperial Age
30:16 Stone Shaft Mining
29:07 Crossbowman
29:54 Thumb Ring
30:12 Ballistics
32:11 Onager
33:14 Conscription
32:15 Arbalester
32:56 Bracer
36:01 Two-Man Saw
35:34 Ring Archer Armor
36:11 Siege Engineers
37:32 Siege Onager
38:45 Architecture
39:42 Guilds
39:46 Torsion Engines
41:06 Scale Mail Armor
WilliamWei
9:51 Feudal Age
10:38 Loom
13:47 Castle Age
12:08 Double-Bit Axe
15:22 Bow Saw
18:18 Horse Collar
20:57 Gold Mining
22:32 Bloodlines
25:45 Scale Mail Armor
27:05 Husbandry
26:27 Light Cavalry
27:42 Forging
28:30 Pikeman
29:10 Squires
33:10 Scale Barding Armor
34:37 Heavy Plow
39:02 Imperial Age
37:16 Wheelbarrow
38:55 Fletching
39:40 Gothikon
40:41 Conscription
51:27 Cavalier
阿泡
10:46 Feudal Age
11:53 Loom
15:07 Castle Age
12:55 Double-Bit Axe
12:51 Horse Collar
15:49 Gambesons
16:58 Squires
17:18 Scale Mail Armor
28:15 Forging
29:35 Chain Mail Armor
29:37 Pikeman
31:51 Fervor
31:55 Arson
40:25 Imperial Age
38:33 Wheelbarrow
40:31 Imperial Age
38:04 Gold Mining
38:04 Stone Mining
38:19 Heavy Plow
38:34 Bow Saw
41:20 Halberdier
47:17 Onager
48:55 Iron Casting
49:30 Hand Cart
49:37 Conscription
49:13 Siege Onager
50:25 Elite Jomsviking
50:31 Hamask
L'arlecchino
11:25 Feudal Age
15:08 Castle Age
13:06 Double-Bit Axe
13:30 Horse Collar
16:11 Loom
22:03 Gold Mining
22:51 Wheelbarrow
22:17 Stone Mining
25:28 Gold Shaft Mining
29:38 Imperial Age
26:51 Crossbowman
28:03 Bow Saw
27:59 Heavy Plow
29:08 Hand Cart
30:04 Ballistics
29:49 Fletching
29:59 Scale Mail Armor
29:52 Halberdier
31:48 Conscription
32:33 Chemistry
31:11 Arbalester
32:42 Chain Mail Armor
32:38 Forging
33:12 Squires
34:25 Plate Mail Armor
33:51 Bodkin Arrow
Lliret
12:35 Feudal Age
13:58 Loom
16:54 Castle Age
14:53 Horse Collar
17:03 Double-Bit Axe
21:35 Imperial Age
46:14 Wheelbarrow
48:02 Bloodlines
TheRealTomBrady
12:40 Feudal Age
14:16 Wheelbarrow
15:44 Castle Age
13:37 Double-Bit Axe
13:34 Horse Collar
13:46 Gold Mining
16:55 Bow Saw
18:43 Heavy Plow
24:12 Bloodlines
24:03 Husbandry
25:40 Forging
25:35 Scale Barding Armor
27:03 Iron Casting
26:51 Gold Mining
26:52 Stone Mining
32:07 Imperial Age
29:23 Loom
30:50 Wheelbarrow
31:30 Tusk Swords
33:06 Hand Cart
32:33 Elite Battle Elephant
35:55 Blast Furnace
35:16 Chain Barding Armor
36:55 Light Cavalry
38:13 Conscription
37:55 Hussar
39:38 Chain Barding Armor
39:59 Double Crossbow
42:05 Hand Cart
43:11 Town Watch
ToKreisyLow
11:32 Feudal Age
15:39 Castle Age
13:29 Double-Bit Axe
13:26 Horse Collar
23:35 Bow Saw
23:26 Heavy Plow
23:18 Gold Mining
23:18 Stone Mining
27:30 Wheelbarrow
26:41 Loom
26:41 Town Watch
27:42 Stone Shaft Mining
29:30 Hand Cart
31:49 Imperial Age
29:22 Town Patrol
30:51 Forging
30:47 Scale Barding Armor
30:56 Bloodlines
30:48 Husbandry
33:04 Conscription
32:10 Elite Leitis
33:58 Iron Casting
33:43 Chain Barding Armor
34:12 Crop Rotation
34:43 Two-Man Saw
36:21 Plate Barding Armor
Connection lost

Rejoining the realm…

Still unreachable

The connection could not be restored.

Session expired

The server has moved on; the page needs a fresh start.